 Dungeon Crawl Stone Soup version 0.23.2-33-g5129a83184 (webtiles) character file.

Game seed: 3120293315108145303

453 Revguard the Conjurer (level 6, 0/32 HPs)
             Began as a Deep Elf Conjurer on July 15, 2019.
             Slain by an ogre
             ... wielding a +0 giant spiked club
              (32 damage)
             ... on level 4 of the Dungeon.
             The game lasted 00:20:07 (4303 turns).

Revguard the Conjurer (Deep Elf Conjurer)           Turns: 4303, Time: 00:20:07

Health: 0/32       AC:  4    Str:  5    XL:     6   Next: 75%
Magic:  2/25       EV: 12    Int: 20    God:
Gold:   234        SH:  0    Dex: 17    Spells: 5/15 levels left

rFire    . . .     SeeInvis .   (no weapon)
rCold    . . .     Gourm    .   (no shield)
rNeg     . . .     Faith    .   k - +0 leather armour
rPois    .         Spirit   .   (no helmet)
rElec    .         Reflect  .   (no cloak)
rCorr    .         Harm     .   (no gloves)
MR       .....                  m - +0 pair of boots
Stlth    ++........             (no amulet)
HPRegen  0.10/turn              l - ring of magical power
MPRegen  0.19/turn              (no ring)

@: very slightly contaminated
A: no striking features
a: no special abilities


You were on level 4 of the Dungeon.
You were very hungry.

You visited 1 branch of the dungeon, and saw 4 of its levels.

You collected 234 gold pieces.

Inventory:

Armour
 a - a +0 robe
 k - a +0 leather armour (worn)
 m - a +0 pair of boots (worn)
Jewellery
 l - a ring of magical power (left hand)
Scrolls
 d - a scroll of remove curse
 f - a scroll of blinking
 g - a scroll of identify
 i - 2 scrolls of enchant weapon
 j - a scroll of teleportation
Potions
 e - a potion of lignification
 h - a potion of curing
 n - a potion of resistance
Comestibles
 b - 6 chunks of flesh
 c - 7 rations


   Skills:
 + Level 1.7 Armour
 + Level 2.7 Dodging
 + Level 2.7 Stealth
 + Level 5.4 Spellcasting
 + Level 6.7 Conjurations
 * Level 3.5 Hexes


You had 5 spell levels left.
You knew the following spells:

 Your Spells              Type           Power        Failure   Level  Hunger
a - Magic Dart            Conj           ####         1%          1    None
b - Searing Ray           Conj           ####..       1%          2    None
c - Dazzling Spray        Conj/Hex       ####..       6%          3    ##.....
d - Fulminant Prism       Conj/Hex       ####......   22%         4    ####...

Your spell library contained the following spells:

 Spells                   Type           Power        Failure   Level  Hunger
 Iskenderun's Mystic Bla  Conj           ####....     12%         4    ####...
 Force Lance              Conj/Tloc      ###.....     41%         4    ####...


Dungeon Overview and Level Annotations

Branches:
Dungeon (4/15)
 Temple: D:4-7

Altars:
Ashenzari
Makhleb
Xom
Zin

Annotations:
D:4 2 transporters, H0rd4k's ghost, amateur DEWz


Message History

Confirm with . or Enter, or press ? or * to list all spells.
Aiming: Magic Dart (safe; 1% risk of failure)
Press: ? - help, Shift-Dir - straight line, f - leopard gecko
Aim: a leopard gecko The magic dart hits the leopard gecko.
The leopard gecko is moderately wounded.
The leopard gecko bites you.
You are no longer glowing.
The leopard gecko barely misses you.
The leopard gecko hisses menacingly.
Casting: Magic Dart (safe; 1% risk of failure)
Confirm with . or Enter, or press ? or * to list all spells.
Aiming: Magic Dart (safe; 1% risk of failure)
Press: ? - help, Shift-Dir - straight line, f/p - leopard gecko
Aim: a leopard gecko (moderately wounded)
The magic dart hits the leopard gecko.
You kill the leopard gecko!
The ogre hits you with a +0 giant spiked club!!
Ouch! That really hurt!
You die...

..................#.. #S. #.#
###.#........w....###########+###
#.##........##..#......#.....#
#.#..........#..#......#s....#.
#.#..........#..#..##..#..#..##
#.#..........#..#..##..#w....##
#............#..#......'.....##
###..........O.........########
#.........#.@w########..# #
##.......####........#..# #
#.###..## #........#..# ###
###.####.### #####..#....###..
#..........## #...........#
#...######..## #..........##
####.#..........#####........#...
.................................
≈≈≈≈≈≈≈≈≈≈≈≈≈≈≈≈...........###...


You could see an ogre and a dart slug.

Vanquished Creatures
  A scorpion (D:4)
  A hound (D:4)
  An orc priest (D:4)
  3 orc wizards (D:4)
  Terence (D:3)
  Natasha (D:2)
  5 gnolls
  4 adders
  3 oozes
  2 adder skeletons
  A worm (D:3)
  5 dart slugs
  4 leopard geckos
  7 orcs (D:4)
  6 bats
  6 giant cockroaches
  7 goblins
  8 hobgoblins
  6 jackals (D:3)
  A quokka (D:3)
  3 ball pythons
  4 frilled lizards
  6 kobolds
  9 rats
  A fulminant prism (D:4)
96 creatures vanquished.

Vanquished Creatures (others)
  8 fulminant prisms (D:4)
8 creatures vanquished.

Grand Total: 104 creatures vanquished

Notes
Turn   | Place    | Note
-------+----------+-------------------------------------------
     0 | D:1      | Revguard the Deep Elf Conjurer began the quest for the Orb.
     0 | D:1      | Reached XP level 1. HP: 10/10 MP: 6/6
   217 | D:1      | Reached XP level 2. HP: 15/15 MP: 1/8
   299 | D:1      | Learned a level 2 spell: Searing Ray
   335 | D:1      | Reached skill level 5 in Conjurations
   691 | D:1      | Found a shattered altar of Ashenzari.
   726 | D:1      | Reached XP level 3. HP: 16/19 MP: 5/9
   731 | D:1      | Learned a level 3 spell: Dazzling Spray
  1165 | D:2      | Found a shimmering altar of Xom.
  1166 | D:2      | Found a burning altar of Makhleb.
  1560 | D:2      | Noticed Natasha
  1566 | D:2      | Killed Natasha
  1566 | D:2      | Reached skill level 1 in Hexes
  1566 | D:2      | Reached XP level 4. HP: 24/24 MP: 7/11
  2105 | D:3      | Noticed Terence
  2133 | D:3      | Found a glowing silver altar of Zin.
  2145 | D:3      | Reached skill level 6 in Conjurations
  2158 | D:3      | Killed Terence
  2397 | D:3      | Reached XP level 5. HP: 28/28 MP: 7/13
  2744 | D:3      | Learned a level 4 spell: Fulminant Prism
  3654 | D:4      | Reached skill level 5 in Spellcasting
  3654 | D:4      | Reached XP level 6. HP: 32/32 MP: 0/15
  3671 | D:4      | Reached skill level 1 in Armour
  4097 | D:4      | Found a transporter.
  4097 | D:4      | Found a transporter.
  4119 | D:4      | Noticed H0rd4k's ghost (amateur DEWz)
  4303 | D:4      | Slain by an ogre

Skill      XL: |  1  2  3  4  5  6 |
---------------+-------------------+-----
Conjurations   | 5 6 |  6.7
Hexes          | 1 3 |  3.5
Spellcasting   | 4 5 |  5.4
Armour         | 1 |  1.7
Dodging        | |  2.7
Stealth        | |  2.7

Action                   |  1- 3 |  4- 6 || total
-------------------------+-------+-------++-------
Melee: Unarmed           |       |    53 ||    53
 Cast: Magic Dart        |    64 |    91 ||   155
       Searing Ray       |     8 |    12 ||    20
       Dazzling Spray    |       |    12 ||    12
       Fulminant Prism   |       |     9 ||     9
  Use: Scroll            |       |     9 ||     9
       Potion            |       |     7 ||     7
  Eat: Chunk             |     2 |    10 ||    12
Armor: Leather armour    |     3 |    14 ||    17
       Skin              |       |     8 ||     8
Dodge: Dodged            |     6 |    66 ||    72
